 Dungeon Crawl Stone Soup version 0.27.1-37-g7b29ead8ac (webtiles) character file.

Game seed: 8189221630856512466

169103 AarnesTheHuman the Alchemist (level 17, -8/179 HPs)
             Began as a Merfolk Transmuter on Aug 28, 2023.
             Was the Champion of Makhleb.
             Killed from afar by a shard shrike (26 damage)
             ... with a shard of ice
             ... in an ice cave on Sept 4, 2023.
             The game lasted 03:29:23 (54509 turns).

AarnesTheHuman the Alchemist (Merfolk Transmuter)  Turns: 54509, Time: 03:29:24

Health: -8/179     AC: 29    Str: 11    XL:     17   Next: 96%
Magic:  32/35      EV: 16    Int: 19    God:    Makhleb [******]
Gold:   501        SH:  0    Dex: 14    Spells: 0/44 levels left

rFire    x x .     SeeInvis +     - Unarmed
rCold    + + .     Faith    .   (no shield)
rNeg     + . .     Spirit   .   (armour currently unavailable)
rPois    ∞         Reflect  .   K - +0 helmet {SInv}
rElec    +         Harm     .   A - +1 cloak
rCorr    .         Rampage  .   (gloves currently unavailable)
Will     +....                  (boots currently unavailable)
Stlth    ++........             x - amulet of the Air {Inacc Air Fly rElec RMsl}
HPRegen  0.39/turn              E - ring of ice
MPRegen  0.24/turn              S - ring of ice

@: statue-form, flying, repel missiles, very slow
A: slow and powerful, torment resistance 1, boosted hp, (nimble swimmer 2),
mertail
a: End Transformation, Renounce Religion, Minor Destruction, Lesser Servant of
Makhleb, Major Destruction, Greater Servant of Makhleb


You were in an ice cave.
You worshipped Makhleb.
Makhleb was exalted by your worship.
You were a living statue of rough stone.
You visited 5 branches of the dungeon, and saw 27 of its levels.
You also visited: Sewer, Ice Cave and Volcano.

You collected 2595 gold pieces.
You spent 2094 gold pieces at shops.

Inventory:

Missiles
 d - a throwing net
 j - 32 poisoned darts (quivered)
Armour
 a - the +0 hat of the Cuttlefish {Contam rF+++ rN++ Int-5}
   (You found it in an ice cave)

   Int:       It affects your intelligence (-5).
   rF:        It renders you almost immune to fire.
   rN:        It greatly protects you from negative energy.
   Contam:    It causes magical contamination when unequipped.
 g - a +2 troll leather armour {Snorg}
 t - a +0 pair of gloves (melded)
 A - a +1 cloak (worn)
 J - the +0 ring mail "Nyf Wez" (melded) {Will+ rCorr Str+8 Int-2}
   (You found it on level 13 of the Dungeon)

   Str:       It affects your strength (+8).
   Int:       It affects your intelligence (-2).
   rCorr:     It protects you from acid and corrosion.
   Will:      It increases your willpower.
 K - a +0 helmet of see invisible (worn)
 Y - a +2 pair of boots of rampaging (melded)
Magical Staves
 b - a staff of earth
 W - a staff of death
 X - a staff of cold
Jewellery
 e - a +6 ring of intelligence
 i - a +4 ring of protection
 o - a ring of magical power
 p - a ring of flight
 x - the amulet of the Air (around neck) {Inacc Air Fly rElec RMsl}
   (You bought it in a shop on level 2 of the Orcish Mines)

   [amulet of nothing]

   It reduces the accuracy of all your attacks.
   It enhances your air magic.
   rElec:     It insulates you from electricity.
   Fly:       It grants you flight.
   RMsl:      It protects you from missiles.
 E - a ring of ice (left fist)
 H - a ring of see invisible
 S - a ring of ice (right fist)
 U - a ring of poison resistance
 V - a ring of protection from fire
Wands
 u - a wand of flame (35)
 w - a wand of digging (3)
 z - a wand of iceblast (32)
 B - a wand of mindburst (46)
 C - a wand of paralysis (22)
 N - a wand of charming (25)
 T - a wand of acid (27)
Scrolls
 f - 3 scrolls of holy word
 k - a scroll of summoning
 n - 2 scrolls of magic mapping
 v - 3 scrolls of identify
 F - 2 scrolls of amnesia
 M - 3 scrolls of silence
 P - 2 scrolls of fear
 R - 4 scrolls of teleportation
Potions
 c - 6 potions of brilliance
 h - 3 potions of heal wounds
 l - 4 potions of invisibility
 m - a potion of magic
 q - 10 potions of haste
 r - 3 potions of lignification
 s - 3 potions of ambrosia
 D - 2 potions of curing
 L - 2 potions of berserk rage
 Q - a potion of might
 Z - 3 potions of mutation
Miscellaneous
 y - a tin of tremorstones (2/2)
 O - a phial of floods


   Skills:
 + Level 13.9 Fighting
 - Level 3.0 Armour
 - Level 9.0 Dodging
 - Level 1.0 Stealth
 + Level 13.5 Unarmed Combat
 + Level 14.3 Spellcasting
 - Level 2.0 Conjurations
 - Level 5.0 Translocations
 + Level 15.6 Transmutations
 - Level 6.0 Ice Magic
 - Level 7.4 Air Magic
 - Level 7.0 Earth Magic
 - Level 3.0 Poison Magic
 - Level 7.0 Invocations


You couldn't memorise any spells.
You knew the following spells:

 Your Spells              Type           Power      Damage    Failure   Level
a - Lee's Rapid Deconstr  Erth           20%        3d13*     8%          5
b - Wereblood             Tmut           65%        N/A       0%          2
c - Statue Form           Tmut/Erth      36%        N/A       7%          6
d - Blade Hands           Tmut           32%        N/A       1%          5
e - Ice Form              Ice/Tmut       89%        N/A       1%          4
f - Ozocubu's Armour      Ice            70%        N/A       1%          3
g - Passage of Golubria   Tloc           N/A        N/A       6%          4
h - Mephitic Cloud        Conj/Pois/Air  44%        N/A       2%          3
i - Poisonous Vapours     Pois/Air       100%       N/A       1%          2
j - Storm Form            Tmut/Air       36%        N/A       34%         7
k - Frozen Ramparts       Ice            100%       1d12      1%          3

Your spell library contained the following spells:

 Spells                   Type           Power      Damage    Failure   Level
 Beastly Appendage        Tmut           100%       N/A       0%          1
 Apportation              Tloc           64%        N/A       1%          1
 Magic Dart               Conj           84%        1d7       1%          1
 Ensorcelled Hibernation  Hex/Ice        100%       N/A       1%          2
 Static Discharge         Conj/Air       47%        N/A       1%          2
 Ignite Poison            Fire/Tmut/Pois 37%        N/A       1%          3
 Spider Form              Tmut/Pois      24%        N/A       1%          3
 Searing Ray              Conj           42%        3d4       3%          2
 Alistair's Intoxication  Tmut/Pois      32%        N/A       3%          5
 Summon Small Mammal      Summ           52%        N/A       4%          1
 Portal Projectile        Hex/Tloc       46%        N/A       4%          3
 Yara's Violent Unravell  Hex/Tmut       21%        3d10      5%          5
 Dazzling Flash           Conj/Hex       34%        N/A       10%         3
 Animate Armour           Summ/Erth      52%        N/A       11%         4
 Iskenderun's Mystic Bla  Conj/Tloc      26%        2d7       11%         4
 Summon Lightning Spire   Summ/Air       41%        N/A       11%         4
 Call Canine Familiar     Summ           13%        N/A       14%         3
 Inner Flame              Hex/Fire       13%        N/A       14%         3
 Summon Guardian Golem    Hex/Summ       13%        N/A       14%         3
 Tukima's Dance           Hex            13%        N/A       14%         3
 Freezing Cloud           Conj/Ice/Air   42%        6-21      16%         5
 Silence                  Hex/Air        20%        N/A       28%         5
 Fulminant Prism          Conj/Hex       8%         3d7       30%         4
 Sticky Flame             Conj/Fire      17%        2d4       30%         4
 Bolt of Magma            Conj/Fire/Erth 12%        4d8       36%         5
 Metabolic Englaciation   Hex/Ice        27%        N/A       36%         5
 Cause Fear               Hex            6%         N/A       43%         4
 Dispel Undead            Necr           13%        3d9       43%         4
 Iskenderun's Battlesphe  Conj           21%        2d7       50%         5
 Iron Shot                Conj/Erth      15%        9d4       75%         6
 Excruciating Wounds      Necr           6%         N/A       78%         5
 Simulacrum               Ice/Necr       27%        N/A       91%         6
 Ozocubu's Refrigeration  Ice            35%        4d12      98%         7
 Starburst                Conj/Fire      8%         6d4       99%         6
 Invisibility             Hex            6%         N/A       100%        6
 Spellforged Servitor     Conj/Summ      8%         N/A       100%        7
 Discord                  Hex            6%         N/A       100%        8
 Lehudib's Crystal Spear  Conj/Erth      15%        10d5      100%        8
 Maxwell's Capacitive Co  Air            29%        ∞         100%        8


Dungeon Overview and Level Annotations

Branches:
Dungeon (14/15)            Temple (1/1) D:5            Lair (6/6) D:9
 Shoals (0/4) Lair:4        Snake (4/4) Lair:2        Slime (0/5) Lair:5
    Orc (2/2) D:9             Elf (0/3) Orc:2        Vaults (0/5) D:13
  Sewer (visited)           IceCv (1/1)             Volcano (visited)

Altars:
Ashenzari
Cheibriados
Dithmenos
Elyvilon
Fedhas
Gozag
Hepliaklqana
Kikubaaqudgha
Makhleb
Nemelex Xobeh
Okawaru
Qazlal
Ru
Sif Muna
Trog
Uskayaw
Vehumet
Wu Jian
Xom
Yredelemnul
Zin
The Shining One
Beogh

Shops:
D:6 [   D:7 (   Orc:1 :   Orc:2 [:=(=   Snake:2 (*!   Snake:3 =

Portals:
Trove: D:10 (give 5 scrolls of fog)

Annotations:
D:3 exclusion: 2 downstairs
D:8 exclusion: downstairs
D:12 exclusion: downstairs
D:13 exclusion: 2 downstairs
D:14 Nessos
Lair:1 exclusion: 2 oklob plants
Lair:2 exclusion: downstairs, Harold
Lair:3 exclusion: downstairs
Lair:4 1 runed translucent door, exclusions: door and 2 downstairs
Lair:5 exclusion: downstairs
Snake:1 3 runed translucent doors, exclusion: 3 doors, LemonRage's ghost, journeyman DEIE
Snake:2 exclusion: downstairs
Orc:1 exclusion: downstairs


Innate Abilities, Weirdness & Mutations

You are a living statue of rough stone.
Your actions are slow, but your melee attacks are powerful.
You are resistant to unholy torment.
Your maximum health is greatly increased.
You are immune to poison.
Your equipment is partially melded.
((You are quick and stealthy near water. (Stealth+, EV+, Speed+++)))
Your lower body shifts to a powerful aquatic tail in water.


Message History

* * * LOW HITPOINT WARNING * * *
You feel much better.
The shard shrike screeches!
The shard shrike claws you but does no damage.
You beat the shard shrike into a bloody pulp!!!
The shard shrike is almost dead.
The shard shrike spits a shard of ice at you.
The shard of ice is repelled.
The shard shrike completely misses you.
The shard shrike claws you but does no damage.
You miss the shard shrike.
The shard shrike is almost dead.
The shard shrike claws you.
* * * LOW HITPOINT WARNING * * *
The shard shrike freezes you! You resist.
* * * LOW HITPOINT WARNING * * *
Okay, then.
You feel much better.
The shard shrike spits a shard of ice at you.
The shard of ice misses you.
The shard shrike claws you but does no damage.
The shard shrike claws you but does no damage.
The shard shrike claws you.
* * * LOW HITPOINT WARNING * * *
The shard shrike freezes you! You resist.
* * * LOW HITPOINT WARNING * * *
The shard shrike claws you.
* * * LOW HITPOINT WARNING * * *
The shard shrike freezes you! You resist.
* * * LOW HITPOINT WARNING * * *
You pummel the shard shrike!! Your punch misses the shard shrike.
The shard shrike is severely wounded.
The shard shrike claws you but does no damage.
The shard shrike completely misses you.
Aiming: Corrosive Bolt
Press: ? - help, Shift-Dir - straight line, f/p - shard shrike
Aim: a shard shrike (severely wounded, 18% to hit)
The bolt of acid misses the shard shrike.
The shard shrike spits a shard of ice at you.
The shard of ice hits you!! You partially resist.
You die...

.$ ##### .###
####.†.### ...##
###....#.[.## ....#
##.....####..###...#
##.....#####..##...#
....######...##..###
...## #..⌠.[###b.#
.### ##...#.#8###
######## ######[##
.##....### ###
#....#...###
#######....###
####...## ##...####
## ##.....## .#
##.....#.##


You could see a shard shrike (catching breath).

Vanquished Creatures
  2 nagarajas
  Aizul (Snake:2)
  A white draconian (IceCv)
  2 minotaurs (D:12)
  Snorg (Lair:6)
  6 naga warriors
  2 ice dragons (IceCv)
  2 salamander tyrants
  2 boulder beetles
  7 hydras
  4 anacondas
  A merfolk avatar (Lair:6)
  4 ogre magi
  4 ironbound frosthearts (IceCv)
  2 catoblepae
  15 two-headed ogres
  2 dancing weapons (D:13)
  A centaur warrior (D:13)
  4 tengu warriors
  9 death yaks
  7 shock serpents
  A sun demon (Volcano)
  A hell knight (Volcano)
  3 naga sharpshooters
  10 skeletal warriors
  4 salamander mystics
  3 sea snakes
  2 deep trolls (Orc:1)
  3 naga ritualists
  An orange crystal statue (IceCv)
  A lindwurm (Lair:3)
  An orc knight (D:10)
  A wizard (D:13)
  An orc sorcerer (Orc:1)
  15 salamanders
  4 manticores
  8 mana vipers
  7 cyclopes
  20 ugly things
  8 elephants
  A merfolk siren (Lair:3)
  2 guardian serpents
  34 black mambas
  10 naga magi
  A gargoyle (D:10)
  14 cane toads
  2 efreet (D:10)
  14 komodo dragons
  A cane toad (shapeshifter) (D:13)
  14 yaktaurs
  An unseen horror (D:13)
  A tengu conjurer (D:13)
  35 rime drakes
  19 polar bears
  A red devil (Volcano)
  12 trolls
  6 slime creatures
  17 blink frogs
  A wind drake (Lair:5)
  8 dream sheep
  A snapping turtle (Lair:5)
  2 vampires (D:13)
  3 shadows
  4 wraiths
  5 wyverns
  43 yaks
  6 basilisks
  8 steam dragons
  4 vampire mosquitoes (D:13)
  Grum (D:8)
  4 wargs
  13 nagas
  3 hell hounds (Volcano)
  An acid dragon (D:8)
  17 water moccasins
  12 orc warriors
  A sky beast (D:8)
  A black bear (Lair:5)
  3 boggarts (D:13)
  A necrophage (D:4)
  27 wolves
  28 ogres
  4 centaurs
  5 kobold brigands
  21 bullfrogs
  3 scorpions
  A water moccasin skeleton (D:4)
  4 wights (D:8)
  8 electric eels
  3 howler monkeys
  2 bullfrog zombies
  5 centaur zombies
  2 hounds
  18 orc priests
  2 jellies (D:6)
  6 hell rats (Lair:6)
  3 iguanas
  7 orc wizards
  A killer bee zombie (D:8)
  A howler monkey zombie (D:8)
  13 gnolls
  3 adders
  2 river rats
  2 ufetubi
  An adder zombie (D:5)
  An adder skeleton (D:4)
  A worm (D:5)
  10 dart slugs
  46 orcs
  11 endoplasms
  5 giant cockroaches
  3 goblins
  6 hobgoblins
  5 jackals
  36 kobolds
  3 quokkas
  8 ball pythons
  4 bats
  5 frilled lizards
  10 rats
  A bush (D:7)
827 creatures vanquished.

Vanquished Creatures (collateral kills)
  An ogre (Orc:1)
  2 orc wizards (Orc:1)
  An orc (Orc:1)
4 creatures vanquished.

Vanquished Creatures (others)
  A fire vortex (Lair:5)
  73 fungi
  106 plants
  9 toadstools (Lair:4)
189 creatures vanquished.

Grand Total: 1020 creatures vanquished

Notes
Turn   | Place    | Note
-------+----------+-------------------------------------------
     0 | D:1      | AarnesTheHuman the Merfolk Transmuter began the quest for
                  | the Orb.
     0 | D:1      | Reached XP level 1. HP: 15/15 MP: 3/3
    54 | D:1      | Reached skill level 3 in Transmutations
   459 | D:1      | Reached XP level 2. HP: 21/21 MP: 3/5
   506 | D:1      | Learned a level 2 spell: Wereblood
   899 | D:1      | Reached skill level 4 in Transmutations
  1530 | D:2      | Reached XP level 3. HP: 26/26 MP: 2/6
  1534 | D:2      | Learned a level 3 spell: Spider Form
  1601 | D:2      | Found a faded altar of an unknown god.
  1730 | D:2      | Found a snail-covered altar of Cheibriados.
  2513 | D:2      | Reached skill level 1 in Poison Magic
  2995 | D:3      | Found a snail-covered altar of Cheibriados.
  3160 | D:3      | Reached XP level 4. HP: 32/32 MP: 3/7
  3330 | D:3      | Found a burning altar of Makhleb.
  3343 | D:3      | Became a worshipper of Makhleb the Destroyer
  4215 | D:4      | Reached skill level 5 in Transmutations
  4478 | D:4      | Reached XP level 5. HP: 14/37 MP: 8/8
  5261 | D:4      | Found a basalt altar of Yredelemnul.
  5277 | D:4      | Reached XP level 6. HP: 44/44 MP: 8/10
  5592 | D:4      | Reached * piety under Makhleb
  5985 | D:4      | Learned a level 5 spell: Blade Hands
  6024 | D:5      | Entered Level 5 of the Dungeon
  6084 | D:5      | Found a glowing drain.
  6089 | D:5      | Reached skill level 6 in Transmutations
  6096 | Sewer    | Entered a sewer
  6544 | Sewer    | Found a glowing silver altar of Zin.
  6642 | D:5      | Found a staircase to the Ecumenical Temple.
  6680 | Temple   | Entered the Ecumenical Temple
  6800 | D:5      | Reached skill level 7 in Transmutations
  6906 | D:5      | Reached XP level 7. HP: 30/50 MP: 9/11
  7599 | D:6      | Reached skill level 8 in Transmutations
  7760 | D:6      | Found Eduosh's Armour Boutique.
  9144 | D:7      | Reached XP level 8. HP: 52/58 MP: 13/13
  9430 | D:7      | Reached skill level 5 in Unarmed Combat
  9430 | D:7      | Reached skill level 9 in Transmutations
  9705 | D:7      | Noticed a slime creature
  9832 | D:6      | Learned a level 4 spell: Ice Form
  9907 | D:7      | Reached skill level 1 in Ice Magic
  9922 | D:7      | Found Xiulyju's Firing Range.
  9944 | D:7      | Noticed a slime creature
  9944 | D:7      | Noticed a slime creature
  9944 | D:7      | Noticed a slime creature
  9944 | D:7      | Noticed a slime creature
  9959 | D:6      | Killed a slime creature
 10190 | D:7      | Killed a slime creature
 10191 | D:7      | Reached skill level 5 in Ice Magic
 10754 | D:8      | Noticed a wyvern
 10762 | D:8      | Killed a wyvern
 10824 | D:8      | Found a white marble altar of Elyvilon.
 10825 | D:8      | Found a shimmering altar of Xom.
 10838 | D:8      | Noticed Grum
 10858 | D:8      | Reached XP level 9. HP: 55/64 MP: 15/15
 10867 | D:8      | Reached skill level 5 in Dodging
 11258 | D:3      | Found a glowing golden altar of the Shining One.
 11684 | D:7      | Killed a large slime creature
 11684 | D:7      | Reached ** piety under Makhleb
 11685 | D:7      | Reached skill level 5 in Spellcasting
 11685 | D:7      | Reached skill level 10 in Transmutations
 11685 | D:7      | Reached skill level 5 in Fighting
 11983 | D:7      | Found a bloodstained altar of Trog.
 12980 | D:8      | Reached XP level 10. HP: 77/77 MP: 18/18
 12985 | D:8      | Killed Grum
 13265 | D:8      | Reached skill level 1 in Armour
 13281 | D:8      | Reached skill level 1 in Invocations
 13606 | D:9      | Noticed a two-headed ogre
 13614 | D:9      | Killed a two-headed ogre
 13615 | D:9      | Reached skill level 1 in Stealth
 13702 | D:9      | Found the +7 Kryia's mail coat {PotionHeal*2 rC+}
 13720 | D:9      | Found a staircase to the Lair.
 13891 | D:9      | Found a staircase to the Orcish Mines.
 14056 | D:9      | Found an iron altar of Okawaru.
 14060 | D:9      | Found an opulent altar of Gozag.
 14062 | D:9      | Found a blossoming altar of Fedhas.
 14062 | D:9      | Found a broken altar of Ashenzari.
 14114 | D:9      | Noticed a two-headed ogre
 14726 | D:9      | Killed a two-headed ogre
 14806 | D:9      | Found a staircase to the Lair.
 14818 | D:9      | Found a staircase to the Orcish Mines.
 15014 | D:9      | Found an iron altar of Okawaru.
 15018 | D:9      | Found an opulent altar of Gozag.
 15020 | D:9      | Found a broken altar of Ashenzari.
 15021 | D:9      | Found a blossoming altar of Fedhas.
 15086 | D:10     | Entered Level 10 of the Dungeon
 15321 | D:10     | Reached skill level 11 in Transmutations
 15321 | D:10     | Reached XP level 11. HP: 86/86 MP: 23/23
 15564 | Lair:1   | Entered Level 1 of the Lair of Beasts
 15825 | Lair:1   | Identified the +2 cloak "Peecaata" {+Inv Will- rCorr Dex+2
                  | SInv}
 15941 | Lair:1   | Reached *** piety under Makhleb
 16014 | Lair:1   | Noticed an oklob plant
 16014 | Lair:1   | Noticed an oklob plant
 16091 | Lair:1   | Noticed a six-headed hydra
 16237 | Lair:1   | Killed a six-headed hydra
 16963 | Lair:2   | Reached skill level 12 in Transmutations
 17185 | Lair:2   | Noticed a seven-headed hydra
 17200 | Lair:2   | Killed a seven-headed hydra
 17335 | Lair:2   | Found a staircase to the Snake Pit.
 17383 | Lair:2   | Reached XP level 12. HP: 95/95 MP: 25/25
 17500 | Lair:2   | Noticed a seven-headed hydra
 17819 | Lair:2   | Killed a seven-headed hydra
 17829 | Lair:2   | Reached skill level 10 in Spellcasting
 18007 | Lair:2   | Reached skill level 10 in Fighting
 18018 | Lair:2   | Learned a level 3 spell: Ozocubu's Armour
 18089 | Lair:2   | Noticed Harold
 20055 | Lair:3   | Reached **** piety under Makhleb
 20344 | Lair:3   | Reached skill level 13 in Transmutations
 20680 | Lair:3   | Reached XP level 13. HP: 79/106 MP: 27/28
 21703 | Lair:4   | Found a staircase to the Shoals.
 21846 | Lair:4   | Reached skill level 10 in Unarmed Combat
 23254 | Lair:4   | Reached ***** piety under Makhleb
 23377 | Lair:4   | Found a runed translucent door.
 23940 | Lair:5   | Learned a level 4 spell: Passage of Golubria
 24285 | Lair:4   | Reached skill level 1 in Translocations
 24427 | Lair:5   | Found a staircase to the Slime Pits.
 24687 | Lair:6   | Entered Level 6 of the Lair of Beasts
 26291 | Lair:5   | Learned a level 3 spell: Mephitic Cloud
 26432 | D:10     | Found a portal to a secret trove of treasure.
 26470 | D:10     | Reached XP level 14. HP: 115/115 MP: 29/29
 26896 | D:10     | Found a radiant altar of Vehumet.
 27090 | D:10     | Got the Guide on Intoxication and the Oath
 27094 | D:10     | Learned a level 2 spell: Poisonous Vapours
 27143 | D:10     | Reached skill level 1 in Conjurations
 27143 | D:10     | Reached skill level 5 in Translocations
 27143 | D:10     | Reached skill level 1 in Air Magic
 27400 | D:10     | Found a hazy altar of Hepliaklqana.
 27835 | D:10     | Found a radiant altar of Vehumet.
 27965 | D:10     | Found a hazy altar of Hepliaklqana.
 27990 | D:10     | Paralysed by an ogre mage for 5 turns
 28294 | D:10     | Found a portal to a secret trove of treasure.
 28919 | D:11     | Reached skill level 5 in Invocations
 32398 | D:12     | HP: 5/141 [minotaur/javelin (32)]
 32802 | D:12     | Reached XP level 15. HP: 59/123 MP: 31/31
 33260 | D:12     | Found the +8 storm bow {elec, penet}
 33331 | D:12     | Learned a level 7 spell: Storm Form
 33985 | D:13     | Identified the +0 ring mail "Nyf Wez" {Will+ rCorr Str+8
                  | Int-2}
 34768 | D:13     | Found a gate to the Vaults.
 34983 | D:13     | Found a hazy altar of Hepliaklqana.
 35878 | D:14     | Noticed Nessos
 35973 | D:13     | HP: 5/123 [poisoned by Nessos]
 36415 | Lair:5   | Reached skill level 14 in Transmutations
 37868 | Lair:5   | Reached skill level 5 in Air Magic
 38304 | Lair:6   | Reached ****** piety under Makhleb
 38851 | Lair:6   | Reached skill level 15 in Transmutations
 38982 | Lair:6   | Noticed Snorg
 39743 | Lair:6   | Killed Snorg
 40334 | Orc:1    | Entered Level 1 of the Orcish Mines
 40334 | Orc:1    | Found Adiump's Self-Improvement Boutique.
 40878 | Orc:1    | Found a dark tunnel.
 40976 | Volcano  | Entered a volcano
 41414 | Orc:2    | Entered Level 2 of the Orcish Mines
 41423 | Orc:2    | Reached XP level 16. HP: 130/130 MP: 32/32
 43556 | Orc:2    | Found Rotwock's Jewellery Emporium.
 43560 | Orc:2    | Found Yjett's Antique Armour Shoppe.
 43573 | Orc:2    | Found Tiddoemn's Weapon Boutique.
 43669 | Orc:2    | Found Avuecu's Book Emporium.
 43937 | Orc:2    | Bought the Disquisition on Cold for 768 gold pieces
 43937 | Orc:2    | Bought the Incunabulum of Poisoning and Clay for 800 gold
                  | pieces
 43966 | Orc:1    | Learned a level 3 spell: Frozen Ramparts
 44044 | Orc:1    | Learned a level 6 spell: Statue Form
 44203 | Orc:2    | Found a staircase to the Elven Halls.
 44220 | Orc:2    | Found Mutieck's Jewellery Shop.
 44788 | Orc:2    | Bought the amulet of the Air {Inacc Air Fly rElec RMsl} for
                  | 526 gold pieces
 44788 | Orc:2    | Found the amulet of the Air {Inacc Air Fly rElec RMsl}
 45146 | D:13     | Reached skill level 1 in Earth Magic
 46423 | D:13     | Found a hazy altar of Hepliaklqana.
 46469 | D:13     | Found a gate to the Vaults.
 47433 | Snake:1  | Entered Level 1 of the Snake Pit
 47435 | Snake:1  | Found a runed translucent gate.
 47435 | Snake:1  | Noticed LemonRage's ghost (journeyman DEIE)
 47436 | Snake:1  | Found a runed translucent gate.
 47436 | Snake:1  | Found a runed translucent gate.
 49350 | Snake:2  | Noticed a nagaraja
 49370 | Snake:2  | Killed a nagaraja
 49532 | Snake:2  | Reached skill level 5 in Earth Magic
 50003 | Snake:2  | Noticed Aizul
 50030 | Snake:2  | Killed Aizul
 50445 | Snake:2  | Reached XP level 17. HP: 137/137 MP: 31/35
 51097 | Snake:2  | Found Voquk's Distillery.
 51097 | Snake:2  | Found Solagre's Assorted Antiques.
 51137 | Snake:2  | Found Hyes Jun's Weapon Shop.
 52078 | Snake:3  | Found Fiyb Tucs's Jewellery Shoppe.
 53409 | Snake:4  | Entered Level 4 of the Snake Pit
 53526 | Snake:4  | Found a frozen archway.
 53533 | IceCv    | Entered an ice cave
 53677 | IceCv    | Identified the +0 hat of the Cuttlefish {Contam rF+++ rN++
                  | Int-5}
 53923 | IceCv    | Learned a level 5 spell: Lee's Rapid Deconstruction
 54447 | IceCv    | Noticed a shard shrike
 54497 | IceCv    | HP: 8/179 [shard shrike (18)]
 54509 | IceCv    | Killed from afar by a shard shrike

Illustrated notes

Levels and vault maps discovered:
D:1:      minmay_arrival_cross, layout_loops_ring
D:2:      minmay_alternating_diamond, layout_loops_cross,
          hellmonk_ecumenical_altar_dog_temple, basic_altar, due_unseen_surprise
D:3:      layout_loops_ring, mainiacjoe_overflow_alcove_4, lemuel_tele_altar,
          mainiacjoe_overflow_six_doors_small, minmay_misc_feat_square
D:4:      kennysheep_slugbush, layout_basic, mainiacjoe_overflow_catwalk,
          minmay_quadrilaterals
D:5:      layout_cave_pools, temple_statues, portal_sewer_entry_b
D:6:      layout_basic, serial_shops, nicolae_lakefront_shop
D:7:      layout_loops_corners, lemuel_round_altar, dk_noncrumbling_4,
          minmay_hedge_maze, nicolae_shop_firing_range
D:8:      layout_rooms, gammafunk_temple_overflow_statue, serial_curves,
          eino_curves_03, eino_curves_03, columned_hall_lemuel,
          minmay_misc_feat_hallway, uniq_grum
D:9:      layout_rooms, mainiacjoe_overflow_alcove_3, david_lair_shrubbed,
          david_orc_3
D:10:     minmay_the_grid_3x2 [minmay_the_grid_spin_star,
          minmay_the_grid_garden, minmay_the_grid_spikes, minmay_the_grid_fan,
          minmay_the_grid_outer_circle,
          minmay_the_grid_prize_four_corners_diamond_a], layout_stronghold,
          nicolae_vehumet_radiance, mainiacjoe_overflow_tiny_flanked,
          enter_trove_1
D:11:     layout_loops_ring, serial_park_tiny_1
D:12:     fort_yaktaur, layout_rooms
D:13:     layout_irregular_city, erik_vaults_1, nicolae_hepliaklqana_hazy_memory
D:14:     layout_cave_pools, fedhas_altar_3, uniq_nessos, uniq_josephine
Temple:   dpeg_three_leaves_temple
Lair:1:   layout_misc_corridors, beast_lair_carwin_2, lemuel_fruit_fields,
          serial_bayou_shore_a, minmay_lair_oklob_chamber
Lair:2:   layout_layer_cave, minmay_snake_entry_six_corridors,
          grunt_megastairs_3, uniq_harold
Lair:3:   layout_cave_shapes, bobbens_dragon_lair_wall, grunt_megastairs_2
Lair:4:   gammafunk_lair_enchanted_lake, layout_loops_ring,
          minmay_shoals_entry_lonely_mermaid
Lair:5:   layout_gridlike, dpeg_slime_entry_corner
Lair:6:   gammafunk_lair_ancient_temple, layout_regular_city, st_stairs_4,
          infiniplex_staircase_pool_2, uniq_snorg
Snake:1:  layout_onion_interference, gammafunk_ghost_split, nicolae_snake_bzzzt
Snake:2:  layout_onion_interference, nicolae_snake_serpentine_bazaar, uniq_aizul
Snake:3:  layout_basic, serial_shops, shop_fountains
Snake:4:  grunt_snake_rune_serpentine_throne, layout_layer_cave,
          portal_ice_cave_entry_pillars_four, minmay_shoptagon
Orc:1:    layout_diamond_mine, basic_altar, enter_volcano_4,
          nicolae_shop_self_help
Orc:2:    st_orc_open, layout_caves, serial_shops, nicolae_shop_behind_doors,
          basic_altar
IceCv:    ice_cave_caverns_01

Skill      XL: |  1  2  3  4  5  6  7  8  9 10 11 12 13 14 15 16 17 |
---------------+----------------------------------------------------+-----
Transmutations | 3 4 5 7 8 9 10 11 12 13 15 | 15.6
Poison Magic   | 1 3 |  3.0
Unarmed Combat | 4 5 6 7 9 11 13 | 13.5
Dodging        | 3 4 6 7 9 |  9.0
Fighting       | 2 3 6 8 9 11 12 13 | 13.9
Spellcasting   | 3 4 5 8 9 11 12 14 | 14.3
Ice Magic      | 5 6 |  6.0
Armour         | 1 2 3 |  3.0
Invocations    | 1 2 3 6 7 |  7.0
Stealth        | 1 |  1.0
Translocations | 4 5 |  5.0
Conjurations   | 2 |  2.0
Air Magic      | 2 6 7 |  7.4
Earth Magic    | 5 7 |  7.0

Action                   |  1- 3 |  4- 6 |  7- 9 | 10-12 | 13-15 | 16-18 || total
-------------------------+-------+-------+-------+-------+-------+-------++-------
Melee: Unarmed           |   133 |   155 |   220 |   463 |  1053 |   856 ||  2880
       Headbutt          |    24 |    28 |     1 |       |       |       ||    53
       Tailslap          |       |     3 |       |       |     2 |       ||     5
       Punch             |       |       |     3 |     2 |     8 |    24 ||    37
       Staff             |       |       |       |     5 |    15 |    17 ||    37
Throw: Dart              |       |     9 |       |     8 |    13 |     5 ||    35
       Stone             |       |       |       |       |     1 |       ||     1
 Cast: Beastly Appendage |    33 |    27 |     2 |       |       |       ||    62
       Wereblood         |    10 |    20 |    16 |    21 |    34 |    29 ||   130
       Spider Form       |       |     4 |    14 |       |       |       ||    18
       Ice Form          |       |       |    12 |    39 |    86 |    45 ||   182
       Blade Hands       |       |       |     7 |     8 |    26 |     7 ||    48
       Ozocubu's Armour  |       |       |       |    12 |    76 |    22 ||   110
       Poisonous Vapours |       |       |       |       |   101 |    71 ||   172
       Mephitic Cloud    |       |       |       |       |     6 |     6 ||    12
       Frozen Ramparts   |       |       |       |       |       |    47 ||    47
       Statue Form       |       |       |       |       |       |    38 ||    38
       Lee's Rapid Decon |       |       |       |       |       |     3 ||     3
Invok: Lesser Servant of |       |       |       |       |     3 |     2 ||     5
       Minor Destruction |       |       |       |       |       |     3 ||     3
 Abil: End Transformatio |       |       |     3 |     2 |    11 |    17 ||    33
Evoke: Wand              |       |       |     5 |    16 |    13 |     3 ||    37
       Phial of floods   |       |       |       |       |     2 |       ||     2
       Tin of tremorston |       |       |       |       |     1 |       ||     1
  Use: Scroll            |     3 |     5 |    12 |     7 |     7 |     7 ||    41
       Potion            |       |       |     1 |       |     5 |     5 ||    11
 Stab: Sleeping          |     3 |     2 |     2 |       |     2 |       ||     9
       Paralysed         |       |       |       |     3 |       |       ||     3
       Confused          |       |       |       |       |     2 |       ||     2
       Distracted        |       |       |       |       |     1 |       ||     1
Armor: Robe              |    25 |     9 |     9 |       |       |       ||    43
       Skin              |       |     4 |    25 |   121 |   329 |   557 ||  1036
       Ring mail         |       |       |     2 |       |     4 |    58 ||    64
       Acid dragon scale |       |       |       |    15 |    40 |       ||    55
       Troll leather arm |       |       |       |       |     1 |       ||     1
Dodge: Dodged            |    74 |   126 |   152 |   264 |   568 |   796 ||  1980
       Repelled          |       |       |       |       |       |    36 ||    36
Block: Other             |       |       |    17 |   111 |   225 |    51 ||   404
       Reflection        |       |       |       |     4 |    11 |       ||    15
